 Dungeon Crawl Stone Soup version 0.29-a0-330-g52719c12eb (webtiles) character file.

Game seed: 7700435144725485650

1064 zishaf the Digger (level 8, -1/54 HPs)
             Began as an Octopode Earth Elementalist on Apr 12, 2022.
             Was a Follower of Dithmenos.
             Slain by a gnoll
             ... wielding a +0 spear
              (10 damage)
             ... on level 6 of the Dungeon.
             The game lasted 00:12:19 (6055 turns).

zishaf the Digger (Octopode Earth Elementalist)     Turns: 6055, Time: 00:12:20

Health: -1/54      AC:  1    Str:  7    XL:     8   Next: 27%
Magic:  13/20      EV: 14    Int: 19    God:    Dithmenos [*.....]
Gold:   451        SH:  0    Dex: 19    Spells: 4/11 levels left

rFire   . . .      SeeInvis .   a - +2 dagger (venom)
rCold   + . .      Faith    .   (no shield)
rNeg    + . .      Spirit   .   (helmet restricted)
rPois   .          Reflect  .   (no amulet)
rElec   .          Harm     .   f - ring of protection from cold
rCorr   +          Rampage  .   p - ring of resist corrosion
Will    .....                   v - +6 ring of dexterity
Stlth   +++++.....              u - ring of magical power
HPRegen 0.18/turn               C - ring of positive energy
MPRegen 0.17/turn               (no ring)
                                (no ring)
                                (no ring)

@: wreathed by umbra
A: almost no armour, amphibious, 8 rings, camouflage 1, gelatinous body 1,
(nimble swimmer 1), tentacles
a: Renounce Religion


You were on level 6 of the Dungeon.
You worshipped Dithmenos.
Dithmenos was aware of your devotion.
You visited 1 branch of the dungeon, and saw 6 of its levels.

You collected 536 gold pieces.
You spent 85 gold pieces at shops.

Inventory:

Hand Weapons
 a - a +2 dagger of venom (weapon)
 b - a +3 hunting sling of freezing
 d - a +0 short sword
Missiles
 e - 4 poisoned darts
 n - 151 stones
 o - 4 javelins
 B - a throwing net
Jewellery
 f - a ring of protection from cold (left tentacle)
 p - a ring of resist corrosion (right tentacle)
 u - a ring of magical power (on tentacle)
 v - a +6 ring of dexterity (on tentacle)
 C - a ring of positive energy (on tentacle)
Wands
 r - a wand of digging (4)
 y - a wand of flame (7)
Scrolls
 c - a scroll of teleportation
 i - a scroll of blinking
 k - a scroll of noise
 m - a scroll of silence
 A - a scroll of enchant weapon {unknown}
 E - a scroll of vulnerability {unknown}
Potions
 g - a potion of brilliance
 h - a potion of degeneration {unknown}
 j - 2 potions of resistance
 l - a potion of lignification
 q - 3 potions of cancellation
 s - a potion of magic
 t - a potion of attraction
 w - a potion of haste
 x - a potion of mutation {unknown}
 z - 4 potions of curing
 D - a potion of berserk rage {unknown}


   Skills:
 + Level 4.2 Fighting
 - Level 3.0 Dodging
 + Level 3.9 Stealth
 - Level 2.0 Spellcasting
 + Level 3.9 Conjurations
 - Level 1.0 Transmutations
 * Level 7.1 Earth Magic


You had 4 spell levels left.
You knew the following spells:

 Your Spells              Type           Power      Damage    Failure   Level
a - Sandblast             Erth           58%        2d13      1%          1
b - Stone Arrow           Conj/Erth      44%        3d9       5%          3
c - Passwall              Tmut/Erth      14%        N/A       4%          2
d - Apportation           Tloc           2%         N/A       17%         1

Your spell library contained the following spells:

 Spells                   Type           Power      Damage    Failure   Level
 Foxfire                  Conj/Fire      36%        2x1d5     8%          1
 Static Discharge         Conj/Air       9%         N/A       12%         2
 Conjure Flame            Conj/Fire      9%         6-21      22%         3
 Corpse Rot               Necr/Air       2%         N/A       26%         2
 Petrify                  Tmut/Erth      17%        N/A       32%         4
 Inner Flame              Hex/Fire       1%         N/A       45%         3
 Flame Wave               Conj/Fire      9%         2d5       58%         4
 Dispel Undead            Necr           1%         3d6       86%         4
 Lightning Bolt           Conj/Air       4%         1d16      91%         5
 Alistair's Intoxication  Tmut/Pois      2%         N/A       98%         5
 Death Channel            Necr           0%         N/A       100%        6
 Maxwell's Capacitive Co  Air            0%         ∞         100%        8


Dungeon Overview and Level Annotations

Branches:
Dungeon (6/15)             Temple (0/1) D:4

Altars:
Dithmenos
Elyvilon
Gozag
Kikubaaqudgha
Okawaru
Sif Muna
Zin

Shops:
D:2 (


Innate Abilities, Weirdness & Mutations

You cannot wear most types of armour.
You are amphibious.
You can wear up to eight rings at the same time.
Your skin changes colour to match your surroundings (Stealth+).
Your rubbery body absorbs attacks. (AC +1, EV +1)
((You are camouflaged when in or above water. (Stealth+)))
You have tentacles for arms and can constrict up to eight enemies at once.


Message History

Aim: a gnoll shaman, wielding a +0 club and wearing a +0 leather armour (83% to hit)
The blast of sand hits the gnoll shaman.
The gnoll shaman is lightly wounded.
A gnoll comes into view. It is wielding a +0 club.
Something hits you.
Casting: Sandblast (safe; 1% risk of failure)
Confirm with . or Enter, or press ? or * to list all spells.
Aiming: Sandblast (safe; 1% risk of failure)
Press: ? - help, Shift-Dir - straight line, f/p - gnoll shaman
Aim: a gnoll shaman, wielding a +0 club and wearing a +0 leather armour (lightly wounded, umbra, 83% to hit)
The blast of sand hits something!
Dithmenos accepts your kill.
Reactivating autopickup.
You feel a bit more experienced.
A gnoll comes into view. It is wielding a +0 spear.
Casting: Sandblast (safe; 1% risk of failure)
Confirm with . or Enter, or press ? or * to list all spells.
Aiming: Sandblast (safe; 1% risk of failure)
Press: ? - help, Shift-Dir - straight line, f/p - gnoll shaman
Aim: a gnoll shaman, wielding a +0 club and wearing a +0 leather armour (lightly wounded, umbra, 83% to hit)
The blast of sand misses the gnoll shaman.
The gnoll shaman barely misses you.
You hit the gnoll shaman but do no damage.
The gnoll shaman is poisoned.
Your grab misses the gnoll shaman.
The gnoll shaman is lightly wounded.
The gnoll shaman hits you with a +0 club!
* * * LOW HITPOINT WARNING * * *
The gnoll shaman attacks as you move away!
The gnoll shaman misses you.
The gnoll shaman attacks as you move away!
The gnoll shaman barely misses you.
The gnoll shaman attacks as you move away!
The gnoll shaman barely misses you.
The gnoll shaman calls upon its god to speed up the gnoll.
The gnoll seems to speed up.
The gnoll hits you from afar with a +0 spear.
* * * LOW HITPOINT WARNING * * *
There is a stone staircase leading up here.
The gnoll hits you from afar with a +0 spear!
You die...

#$ . #. .# . #.
#######.#. ..####.
#@........ <......
##.....##. .......
#g....##.
.......#####g.......
.......gg........##.
......####.......#
..... #...####...
.... #..... ... ...
#...### .:


You could see 2 gnolls.

Vanquished Creatures
  Sigmund (D:5)
  An ice beast (D:5)
  A sky beast (D:3)
  A phantom (D:5)
  A necrophage (D:4)
  A scorpion (D:5)
  A wight (D:4)
  A hound (D:5)
  4 iguanas
  3 orc wizards (D:6)
  12 gnolls
  6 adders
  A white imp (D:5)
  4 dart slugs
  6 orcs
  17 ball pythons
  8 endoplasms
  3 giant cockroaches
  8 goblins
  11 hobgoblins
  11 kobolds
  3 quokkas (D:4)
  2 bats
  2 frilled lizards (D:3)
  5 rats
114 creatures vanquished.

Notes
Turn   | Place    | Note
-------+----------+-------------------------------------------
     0 | D:1      | zishaf the Octopode Earth Elementalist began the quest for
                  | the Orb.
     0 | D:1      | Reached XP level 1. HP: 11/11 MP: 3/3
    55 | D:1      | Reached XP level 2. HP: 10/18 MP: 0/5
   202 | D:1      | Found a faded altar of an unknown god.
   559 | D:1      | Reached skill level 1 in Fighting
  1037 | D:2      | Reached XP level 3. HP: 23/23 MP: 4/6
  1043 | D:2      | Learned a level 3 spell: Stone Arrow
  1046 | D:2      | Learned a level 2 spell: Passwall
  1343 | D:2      | Found Seazov's Antique Weapon Boutique.
  2159 | D:3      | Noticed a sky beast
  2197 | D:3      | Reached skill level 4 in Earth Magic
  2301 | D:2      | Bought a glowing hunting sling for 85 gold pieces
  2562 | D:3      | Killed a sky beast
  2563 | D:3      | Reached skill level 1 in Conjurations
  2563 | D:3      | Reached XP level 4. HP: 10/29 MP: 2/7
  2563 | D:3      | Reached XP level 5. HP: 11/34 MP: 2/8
  2904 | D:3      | Found an ancient bone altar of Kikubaaqudgha.
  3235 | D:4      | Found a shadowy altar of Dithmenos.
  3261 | D:4      | Reached skill level 5 in Earth Magic
  3261 | D:4      | Reached XP level 6. HP: 10/41 MP: 7/9
  3267 | D:4      | Became a worshipper of Dithmenos the Shadowed
  3568 | D:4      | Learned a level 1 spell: Apportation
  3793 | D:4      | Found a staircase to the Ecumenical Temple.
  4274 | D:4      | Reached * piety under Dithmenos
  4665 | D:5      | Entered Level 5 of the Dungeon
  4717 | D:5      | Reached XP level 7. HP: 25/46 MP: 10/10
  4922 | D:5      | Reached skill level 6 in Earth Magic
  5364 | D:5      | Found a glowing silver altar of Zin.
  5369 | D:5      | Found an opulent altar of Gozag.
  5370 | D:5      | Found a white marble altar of Elyvilon.
  5371 | D:5      | Found an iron altar of Okawaru.
  5371 | D:5      | Found a shimmering blue altar of Sif Muna.
  5573 | D:5      | Noticed Sigmund
  5699 | D:5      | Killed Sigmund
  5700 | D:5      | Reached XP level 8. HP: 52/54 MP: 7/11
  6027 | D:6      | Reached skill level 7 in Earth Magic
  6055 | D:6      | Slain by a gnoll

Illustrated notes

Levels and vault maps discovered:
D:1:      mainiacjoe_arrival_reflecting_pool, layout_loops_cross,
          chequers_ecumenical_altar_simple_redux, corexii_hall_statues_x,
          nrook_mini_vaults
D:2:      minmay_evil_eye, layout_loops_ring, serial_shops, shop
D:3:      layout_basic, mainiacjoe_overflow_tiny_flanked
D:4:      minmay_polygon_palace, layout_loops_ring,
          nicolae_dithmenos_shadow_blocks, minmay_temple_entry_enclosed_plants
D:5:      layout_basic, grunt_temple_overflow_open, sigmund_army
D:6:      layout_basic

Skill      XL: |  1  2  3  4  5  6  7  8 |
---------------+-------------------------+-----
Stealth        | 3 |  3.9
Fighting       | 1 2 3 4 |  4.2
Earth Magic    | 4 5 6 7 |  7.1
Conjurations   | 1 2 3 |  3.9
Dodging        | 3 |  3.0
Spellcasting   | |  2.0
Transmutations | |  1.0

Action                   |  1- 3 |  4- 6 |  7- 9 || total
-------------------------+-------+-------+-------++-------
Melee: Unarmed           |     4 |       |       ||     4
       Constrict         |     6 |     9 |     9 ||    24
       Tentacles         |     4 |     7 |     7 ||    18
       Dagger            |    16 |    25 |    36 ||    77
       Short sword       |     4 |       |       ||     4
       Punch             |       |     1 |     1 ||     2
 Fire: Hunting sling     |    11 |    70 |     6 ||    87
 Cast: Sandblast         |    38 |     8 |    25 ||    71
       Stone Arrow       |       |     3 |     3 ||     6
  Use: Scroll            |       |    12 |     1 ||    13
 Stab: Sleeping          |     3 |     1 |     5 ||     9
Armor: Skin              |     1 |       |       ||     1
Dodge: Dodged            |    21 |    20 |    32 ||    73

Table legend: (Time is in decaauts)
 A = Elapsed time spent in this place.
 B = Non-inter-level travel time spent in this place.
 C = Inter-level travel time spent in this place.
 D = Time resting spent in this place.
 E = Time spent auto-exploring this place.
 F = Levels seen in this place.
 G = Mean time per level.
                   A        B        C        D        E       F      G
               +--------+--------+--------+--------+--------+-----+--------+
         Total |   6086 |   5852 |    234 |    672 |   4126 |   6 | 1014.3 |
       Dungeon |   6086 |   5852 |    234 |    672 |   4126 |   6 | 1014.3 |
               +--------+--------+--------+--------+--------+-----+--------+

Top non-repeatable levels by time:
     D:4: 1508 daAuts
     D:5: 1342 daAuts
     D:2: 1311 daAuts
     D:3: 997 daAuts
     D:1: 877 daAuts
     D:6: 49 daAuts
